 Dungeon Crawl Stone Soup version 0.32-a0-433-g08bcfe7efd (webtiles) character file.

Game seed: 4166915010826928890

6858 ezpacito the Trooper (level 10, -3/100 HPs)
             Began as a Demonspawn Chaos Knight on Feb 23, 2024.
             Was a Plaything of Xom.
             Slain by a swamp worm (12 damage)
             ... on level 10 of the Dungeon.
             The game lasted 00:20:04 (10743 turns).

ezpacito the Trooper (Demonspawn Chaos Knight)     Turns: 10743, Time: 00:20:05

Health: -3/100     AC: 13    Str: 15    XL:     10   Next: 78%
Magic:  14/17      EV: 12    Int: 12    God:    Xom [*.....]
Gold:   2851       SH:  0    Dex: 15    Spells: 0/18 levels left

rFire   + . .        a - +1 hand axe (chaos)
rCold   . . .        (no shield)
rNeg    . . .        B - +1 scale mail {Will+}
rPois   .            (helmet unavailable)
rElec   .            x - +0 cloak
rCorr   +            (gloves unavailable)
SInv    +            s - +2 pair of boots
Will    +....        (no amulet)
Stlth   ++           G - ring of resist corrosion
HPRegen 0.36/turn    O - ring of protection from fire
MPRegen 0.15/turn

%: no passive effects
@: no status effects
A: antennae 3, spiny 1, demonic touch 3, robust 3, MP-powered wands, sturdy
frame 1
a: Renounce Religion


You were on level 10 of the Dungeon.
You worshipped Xom.
You were a special plaything of Xom.
You visited 1 branch of the dungeon, and saw 10 of its levels.
You also visited: Ossuary and Bailey.

You collected 2928 gold pieces.
You spent 77 gold pieces at shops.

Inventory:

Hand Weapons
 a - a +1 hand axe of chaos (weapon)
 r - a +0 battleaxe
 w - a +0 war axe of protection
 L - a +0 falchion of flaming
Missiles
 n - 17 boomerangs (quivered)
 z - 2 throwing nets
 C - 15 poisoned darts
 D - 2 curare-tipped darts
 F - 5 datura-tipped darts
 Q - 6 atropa-tipped darts
Armour
 s - a +2 pair of boots (worn)
 x - a +0 cloak (worn)
 B - a +1 scale mail of willpower (worn)
Magical Staves
 p - a staff of earth
Jewellery
 b - a +6 ring of intelligence
 c - a ring of wizardry
 f - a ring of protection from cold
 o - a +4 ring of protection
 G - a ring of resist corrosion (left hand)
 I - a ring of protection from cold
 O - a ring of protection from fire (right hand)
Wands
 d - a wand of flame (18)
 i - a wand of roots (5)
 J - a wand of digging (6)
 K - a wand of paralysis (14)
 M - a wand of polymorph (8)
Scrolls
 e - a scroll of fog
 k - 5 scrolls of teleportation
 t - 2 scrolls of vulnerability
 u - 2 scrolls of fear
 v - 2 scrolls of amnesia
 y - 5 scrolls of enchant weapon
 P - a scroll of revelation
Potions
 h - 2 potions of brilliance
 l - 5 potions of magic
 m - 2 potions of cancellation
 A - a potion of mutation
 E - 2 potions of lignification


   Skills:
 * Level 6.5 Fighting
 * Level 6.1 Axes
 * Level 5.6 Armour
 * Level 5.1 Dodging
 + Level 3.8 Stealth
 * Level 5.0 Unarmed Combat
 * Level 4.9 Spellcasting
 + Level 0.9 Hexes
 + Level 2.8 Summonings
 * Level 6.2 Necromancy
 + Level 3.5 Evocations


You couldn't memorise any spells.
You knew the following spells:

 Your Spells              Type           Power      Damage    Failure   Level
a - Necrotise             Necr           68%        1d7       3%          1
b - Vampiric Draining     Necr           17%        2d7       11%         3
c - Martyr's Knell        Necr/Summ      13%        N/A       56%         4
d - Curse of Agony        Necr           17%        N/A       67%         5
e - Tukima's Dance        Hex            5%         N/A       65%         3
f - Call Imp              Summ           18%        N/A       21%         2

Your spell library contained the following spells:

 Spells                   Type           Power      Damage    Failure   Level
 Sublimation of Blood     Necr           17%        N/A       5%          2
 Slow                     Hex            20%        N/A       30%         1
 Apportation              Tloc           4%         N/A       41%         1
 Sigil of Binding         Hex            5%         N/A       65%         3
 Anguish                  Hex/Necr       5%         N/A       71%         4
 Dimensional Bullseye     Hex/Tloc       2%         N/A       98%         4
 Iskenderun's Mystic Bla  Conj/Tloc      2%         2d3       99%         4
 Summon Mana Viper        Hex/Summ       7%         N/A       99%         5
 Summon Forest            Summ/Tloc      3%         N/A       100%        5
 Yara's Violent Unravell  Hex/Alch       2%         3d3       100%        5
 Summon Cactus Giant      Summ           4%         N/A       100%        6
 Malign Gateway           Summ/Tloc      3%         N/A       100%        7
 Summon Hydra             Summ           4%         N/A       100%        7


Dungeon Overview and Level Annotations

Branches:
Dungeon (10/15)            Temple (0/1) D:5         Ossuary (visited)
 Bailey (visited)
   Lair: D:8-11         Orc: D:9-12

Altars:
Ashenzari
Dithmenos
Gozag
Hepliaklqana
Makhleb
Nemelex Xobeh
Okawaru
Qazlal
Ru
Sif Muna
Trog
Uskayaw
Xom

Shops:
D:2 ?


Innate Abilities, Weirdness & Mutations

You have a pair of large antennae on your head. (SInv)
You are partially covered in sharp spines.
Your touch may irresistibly damage your foes and sap their willpower.
You are extremely robust. (+30% HP)
You expend magic power (3 MP) to strengthen your wands.
Your movements are slightly less encumbered by armour. (ER -2)


Message History

The swamp worm is severely wounded.
The swamp worm bites you!
* * * LOW HITPOINT WARNING * * *
You hit the swamp worm but do no damage.
Your touch misses the swamp worm.
The swamp worm is severely wounded.
The swamp worm bites you!
* * * LOW HITPOINT WARNING * * *
Okay, then.
Aiming: Polymorph
Press: ? - help, Shift-Dir - straight line, f - swamp worm
Aim: a swamp worm (severely wounded, poisoned, slow, lightly drained, will become a komodo dragon, a water nymph, or a merfolk, chance to affect: 73%)
Okay, then.
Aiming: Throw Flame
Press: ? - help, Shift-Dir - straight line, f - swamp worm
Aim: a swamp worm (severely wounded, poisoned, slow, lightly drained, 67% to hit)
You feel a surge of power!
The puff of flame hits the swamp worm.
The swamp worm is severely wounded.
You hit the swamp worm. You burn the swamp worm.
You kill the swamp worm!
You start resting.
A swamp worm comes into view.
There is an open door here.
The swamp worm fires a harpoon shot at you.
The harpoon shot hits you!
* * * LOW HITPOINT WARNING * * *
You are yanked forward by the harpoon shot.
You closely miss the swamp worm.
The swamp worm bites you but does no damage.
You miss the swamp worm. Your touch misses the swamp worm.
The swamp worm barely misses you.
Unknown command.
Okay, then.
Aiming: Paralyse
Press: ? - help, Shift-Dir - straight line, f - swamp worm
Aim: a swamp worm (chance to affect: 72%)
You feel a surge of power!
The swamp worm struggles to resist.
The swamp worm is struck by your spines.
The swamp worm bites you!
You die...

#### #...........# ...#
#.........# ._.# #.........+ .§.#
####.........# {
.§§#######§.'.........#
.§§§§§§§§§§.#.........#
.#§§§§§§§§§.#.........#
.§§§§§§.§§§§..##w######
..§#######.§.###@# ...###########
#.# .ß.#....### #.# ...#..).')##
#.# ##+######
####.)))#<.#####.########.......#
#.(.....##.<...........##.......#
#.......##########.###..'.......#
#.......# #.# ####.......#
'.......# #.# #.......#


You could see a swamp worm.

Vanquished Creatures
  An orc high priest (Bailey)
  A faun (D:5)
  A molten gargoyle (D:10)
  A kobold demonologist (Bailey)
  A merfolk (D:5)
  A steam dragon (D:7)
  A swamp worm (D:10)
  A water moccasin (D:8)
  15 orc warriors
  2 sky beasts (D:7)
  An ice beast (D:8)
  2 ogres
  A boggart (shapeshifter) (D:5)
  5 centaurs
  3 phantoms
  3 kobold brigands
  A gnoll sergeant (D:6)
  5 bullfrogs
  A scorpion (D:6)
  6 wights (D:8)
  2 killer bees (Bailey)
  An electric eel (Bailey)
  A hound (D:6)
  A jelly (shapeshifter) (D:10)
  A gnoll bouda (D:7)
  3 jellies
  4 orc priests
  Ijyb (D:3)
  A sleepcap (D:6)
  4 iguanas
  7 orc wizards
  9 mummies
  10 adders
  14 gnolls
  2 shadow imps
  A dart slug (D:4)
  2 ribbon worms (D:2)
  56 orcs
  14 ball pythons
  5 bats
  12 endoplasms
  7 giant cockroaches
  11 goblins
  14 hobgoblins
  11 kobolds
  5 quokkas
  2 frilled lizards
  4 hobgoblin zombies (Ossuary)
  A kobold zombie (Ossuary)
  3 orc zombies (Ossuary)
  4 rats
266 creatures vanquished.

Vanquished Creatures (others)
  An orc (D:9)
  A hobgoblin (Bailey)
  A kobold zombie (D:4)
3 creatures vanquished.

Grand Total: 269 creatures vanquished

Notes
Turn   | Place    | Note
-------+----------+-------------------------------------------
     0 | D:1      | ezpacito the Demonspawn Chaos Knight began the quest for
                  | the Orb.
     0 | D:1      | Reached XP level 1. HP: 18/18 MP: 1/1
    28 | D:1      | XOM: silly message
    66 | D:1      | Found a faded altar of an unknown god.
    73 | D:1      | Reached skill level 1 in Dodging
   146 | D:1      | Discovered your monstrous ancestry.
   146 | D:1      | Gained mutation: Your touch may inflict minor irresistible
                  | damage on your foes. [demonic ancestry]
   146 | D:1      | Reached XP level 2. HP: 24/24 MP: 2/2
   172 | D:1      | XOM: silly message
   388 | D:1      | Learned a level 1 spell: Necrotise
   953 | D:1      | XOM: silly message
   960 | D:2      | Gained mutation: Your touch may inflict irresistible damage
                  | on your foes. [demonic ancestry]
   960 | D:2      | Reached XP level 3. HP: 29/29 MP: 3/3
  1135 | D:2      | You fall into a shaft and drop 2 floors!
  1155 | D:4      | Noticed a phantom
  1159 | D:4      | XOM: divination: detect creatures
  1163 | D:4      | Killed a phantom
  1164 | D:4      | Reached skill level 1 in Unarmed Combat
  1164 | D:4      | Reached skill level 1 in Spellcasting
  1164 | D:4      | Reached skill level 1 in Necromancy
  1164 | D:4      | Reached XP level 4. HP: 35/35 MP: 3/5
  1181 | D:3      | Noticed Ijyb
  1208 | D:3      | Killed Ijyb
  1209 | D:3      | Gained mutation: You have a pair of small antennae on your
                  | head. [demonic ancestry]
  1209 | D:3      | Reached XP level 5. HP: 15/41 MP: 6/6
  1412 | D:2      | Found Rogaixec's Magic Scroll Shop.
  1424 | D:2      | Bought a scroll of identify for 22 gold pieces
  1424 | D:2      | Bought a scroll of identify for 22 gold pieces
  1424 | D:2      | Bought a scroll of teleportation for 33 gold pieces
  1462 | D:2      | XOM: noise
  1785 | D:3      | Found a shadowy altar of Dithmenos.
  2221 | D:3      | Found a bloodstained altar of Trog.
  2438 | D:3      | Learned a level 3 spell: Vampiric Draining
  2703 | D:4      | XOM: 1-stop teleportation journey
  2732 | D:4      | Gained mutation: You have a pair of antennae on your head.
                  | [demonic ancestry]
  2732 | D:4      | Reached XP level 6. HP: 40/48 MP: 8/8
  2736 | D:4      | XOM: god gift: 37 gold pieces
  2954 | D:4      | XOM: cloud trail
  3055 | D:4      | Found a hide-covered altar of Uskayaw.
  3152 | D:4      | Reached skill level 1 in Stealth
  3162 | D:4      | XOM: give mutations
  3162 | D:4      | Gained mutation: You occasionally lose the ability to drink
                  | potions when taking damage. [Xom's mischief]
  3162 | D:4      | Gained mutation: Your natural rate of healing is unusually
                  | fast. [Xom's mischief]
  3532 | D:4      | XOM: silly message
  3618 | D:5      | Entered Level 5 of the Dungeon
  3660 | D:5      | a black bear changed into a glowing shapeshifter
  3660 | D:5      | Noticed a glowing shapeshifter (glowing shapeshifter)
  3660 | D:5      | XOM: polymorph black bear -> glowing shapeshifter
  3660 | D:5      | a glowing shapeshifter changed into a water moccasin
  3660 | D:5      | Noticed a water moccasin (glowing shapeshifter)
  3664 | D:5      | a water moccasin changed into a boggart
  3665 | D:5      | XOM: 3-stop teleportation journey
  3671 | D:5      | Reached skill level 1 in Evocations
  3686 | D:5      | Identified a scroll of acquirement
  3686 | D:5      | Acquired 1043 gold pieces
  3737 | D:5      | Noticed an ice beast
  3740 | D:5      | an ice beast changed into a merfolk
  3740 | D:5      | Noticed a merfolk
  3740 | D:5      | XOM: polymorph ice beast -> merfolk
  3750 | D:5      | Killed a merfolk
  3751 | D:5      | Gained mutation: You have a pair of large antennae on your
                  | head. (SInv) [demonic ancestry]
  3751 | D:5      | Reached XP level 7. HP: 42/54 MP: 8/10
  3774 | D:5      | Found a staircase to the Ecumenical Temple.
  3881 | D:5      | an ice beast changed into a faun
  3881 | D:5      | Noticed a faun
  3881 | D:5      | XOM: polymorph ice beast -> faun
  3885 | D:5      | XOM: butterfly on damage
  3887 | D:5      | Killed a faun
  3888 | D:5      | Reached XP level 8. HP: 38/61 MP: 11/11
  3892 | D:5      | Found a sand-covered staircase.
  3902 | Ossuary  | Entered an ossuary
  3957 | Ossuary  | Learned a level 4 spell: Martyr's Knell
  4144 | D:5      | Found a shimmering altar of Xom.
  4162 | D:5      | Found a shimmering altar of Xom.
  4355 | D:5      | XOM: butterfly on damage
  4568 | D:6      | XOM: divination: detect creatures
  4589 | D:6      | Found a sparkling altar of Nemelex Xobeh.
  4659 | D:6      | XOM: confuse monster(s)
  4837 | D:6      | Reached skill level 1 in Summonings
  4845 | D:6      | Reached skill level 5 in Fighting
  4953 | D:6      | XOM: divination: detect items
  5097 | D:6      | XOM: silly message
  5328 | D:6      | Found a stormy altar of Qazlal.
  5449 | D:7      | Gained mutation: Your touch may irresistibly damage your
                  | foes and sap their willpower. [demonic ancestry]
  5449 | D:7      | Reached XP level 9. HP: 68/68 MP: 14/14
  5655 | D:7      | XOM: god gift: whip {god gift}
  5749 | D:7      | XOM: enchant monster (bad)
  5836 | D:7      | Reached skill level 5 in Axes
  5860 | D:7      | Found an opulent altar of Gozag.
  5860 | D:7      | XOM: 1-stop teleportation journey
  5974 | D:7      | Found a shimmering blue altar of Sif Muna.
  5978 | D:7      | Found a broken altar of Ashenzari.
  6584 | D:8      | XOM: noise
  6795 | D:8      | Found a burning altar of Makhleb.
  6830 | D:8      | XOM: 8-stop teleportation journey
  6840 | D:8      | Found a sacrificial altar of Ru.
  7021 | D:8      | Reached skill level 5 in Necromancy
  7064 | D:8      | XOM: give mutations
  7064 | D:8      | Gained mutation: You are agile. (Dex +4, Str/Int -1) [Xom's
                  | mischief]
  7064 | D:8      | Lost mutation: You are agile. (Dex +4, Str/Int -1) [Xom's
                  | mischief]
  7064 | D:8      | Gained mutation: You sometimes lose your temper in combat.
                  | [Xom's mischief]
  7064 | D:8      | Gained mutation: You are strong-willed. (Will+) [Xom's
                  | mischief]
  7212 | D:8      | Found an iron altar of Okawaru.
  7306 | D:8      | XOM: god gift: 817 gold pieces
  7333 | D:8      | XOM: god gift: fizzy clear potion {god gift}
  7510 | D:9      | Found a flagged portal.
  7555 | Bailey   | Entered a bailey
  7557 | Bailey   | XOM: scenery: summon butterflies
  7631 | Bailey   | Noticed an orc high priest
  7633 | Bailey   | Noticed a red devil
  7643 | Bailey   | Lost mutation: You occasionally lose the ability to drink
                  | potions when taking damage. [potion of mutation]
  7643 | Bailey   | Lost mutation: Your natural rate of healing is unusually
                  | fast. [potion of mutation]
  7643 | Bailey   | Lost mutation: You are strong-willed. (Will+) [potion of
                  | mutation]
  7643 | Bailey   | Gained mutation: You are vulnerable to cold. (rC-) [potion
                  | of mutation]
  7643 | Bailey   | XOM: scenery: 1 doors close
  7644 | Bailey   | Lost mutation: You sometimes lose your temper in combat.
                  | [potion of mutation]
  7644 | Bailey   | Lost mutation: You are vulnerable to cold. (rC-) [potion of
                  | mutation]
  7644 | Bailey   | Gained mutation: You are robust. (+10% HP) [potion of
                  | mutation]
  7644 | Bailey   | Gained mutation: You are very robust. (+20% HP) [potion of
                  | mutation]
  7653 | Bailey   | XOM: cleaving
  7659 | Bailey   | Noticed a red devil
  7670 | Bailey   | Killed an orc high priest
  7671 | Bailey   | Gained mutation: You are partially covered in sharp spines.
                  | [demonic ancestry]
  7671 | Bailey   | Reached XP level 10. HP: 57/91 MP: 16/16
  7821 | Bailey   | XOM: noise
  7840 | Bailey   | Reached skill level 5 in Armour
  8009 | Bailey   | XOM: 1-stop teleportation journey
  8234 | Bailey   | XOM: 2-stop teleportation journey
  8343 | Bailey   | Found an iron altar of Okawaru.
  8669 | D:9      | Acquired Nusef's Compilation of the Topological Jinx
  8690 | D:9      | Learned a level 5 spell: Curse of Agony
  8694 | D:9      | Learned a level 3 spell: Tukima's Dance
  8697 | D:9      | Learned a level 2 spell: Call Imp
  8705 | D:9      | XOM: smoke on damage
  8706 | D:9      | XOM: god gift: wand of roots (5)
  8847 | D:9      | XOM: scenery: summon butterflies
  8942 | D:9      | XOM: scenery: summon butterflies
  9261 | D:9      | XOM: god gift: 3 atropa-tipped darts
  9364 | D:9      | XOM: give mutations
  9364 | D:9      | Gained mutation: Your movements are slightly less
                  | encumbered by armour. (ER -2) [Xom's grace]
  9364 | D:9      | Gained mutation: You are extremely robust. (+30% HP) [Xom's
                  | grace]
  9364 | D:9      | Gained mutation: You expend magic power (3 MP) to
                  | strengthen your wands. [Xom's grace]
  9372 | D:9      | XOM: 7-stop teleportation journey
  9528 | D:9      | XOM: god gift: chain mail {god gift}
  9595 | D:10     | Entered Level 10 of the Dungeon
  9613 | D:10     | XOM: fake destruction
  9743 | D:10     | XOM: scenery: 1 doors open, 1 doors close
  9861 | D:10     | XOM: enchant monster (good)
  9869 | D:10     | XOM: polymorph orc priest -> shapeshifter
  9904 | D:10     | Reached skill level 5 in Dodging
 10036 | D:10     | a swamp worm changed into a broodmother
 10036 | D:10     | Noticed a broodmother
 10036 | D:10     | XOM: polymorph swamp worm -> broodmother
 10041 | D:10     | Noticed a wolf spider
 10054 | D:10     | XOM: divine lightning
 10428 | D:10     | Found a faded altar of an unknown god.
 10428 | D:10     | Noticed a molten gargoyle
 10429 | D:10     | Found a hazy altar of Hepliaklqana.
 10436 | D:10     | Killed a molten gargoyle
 10437 | D:10     | Reached skill level 5 in Unarmed Combat
 10633 | D:10     | a broodmother changed into a death drake
 10633 | D:10     | Noticed a death drake
 10644 | D:10     | XOM: enchant monster (bad)
 10743 | D:10     | Slain by a swamp worm

Illustrated notes

Levels and vault maps discovered:
D:1:      lightli_arrival_chessboard, layout_basic,
          ebering_ecumenical_altar_abandoned, hex_tiny, minmay_cut_off
D:2:      layout_rooms, serial_shops, shop, guppyfry_early_orc_mine
D:3:      minmay_chambers_of_twos, layout_basic,
          mainiacjoe_overflow_surrounded_room, mainiacjoe_overflow_chevrons,
          minmay_shallow_snake_nest, uniq_ijyb
D:4:      layout_basic, nicolae_uskayaw_suspiria
D:5:      layout_loops_cross, xom_redecorated, minmay_temple_entry_hall,
          gup_ossuary_entry_pyramid
D:6:      layout_loops_cross, amcnicky_altar_gilded,
          gammafunk_temple_overflow_pools, hangedman_decor_slide_cut
D:7:      layout_basic, mainiacjoe_overflow_concentric_impassable,
          nicolae_overflow_hidden_temple
D:8:      layout_basic, kennysheep_little_box, lemuel_round_altar,
          mainiacjoe_overflow_six_doors_small
D:9:      layout_loops_ring, tso_metal_star, enter_bailey_4
D:10:     layout_roguey [special_room_orc], beargit_hepliaklqana_dungeon_heroes,
          nzn_wu_jian_council_hall, erik_lair_dragon, worms_lemuel

Skill      XL: |  1  2  3  4  5  6  7  8  9 10 |
---------------+-------------------------------+-----
Dodging        | 1 2 3 4 5 |  5.1
Armour         | 2 3 4 5 |  5.6
Axes           | 3 4 5 6 |  6.1
Unarmed Combat | 1 2 3 4 5 |  5.0
Spellcasting   | 1 2 3 4 |  4.9
Necromancy     | 1 2 3 4 5 6 |  6.2
Stealth        | 1 2 3 |  3.8
Fighting       | 4 5 6 |  6.5
Evocations     | 1 2 3 |  3.5
Summonings     | 1 2 |  2.8
Hexes          | |  0.9

Action                     |  1- 3 |  4- 6 |  7- 9 | 10-12 || total
---------------------------+-------+-------+-------+-------++-------
  Melee: Hand axe          |    81 |   153 |   325 |   212 ||   771
         Touch             |    10 |    29 |    54 |    36 ||   129
   Cast: Necrotise         |       |     4 |       |       ||     4
  Evoke: Wand              |       |       |     1 |     7 ||     8
    Use: Scroll            |       |    11 |     8 |     9 ||    28
         Potion            |       |     2 |    18 |    10 ||    30
   Stab: Sleeping          |       |     1 |       |       ||     1
         Confused          |       |       |     8 |     1 ||     9
         Invisible         |       |       |     4 |    16 ||    20
         Held in net/web   |       |       |     1 |     1 ||     2
         Paralysed         |       |       |     1 |       ||     1
 Armour: Leather armour    |    40 |    98 |    46 |       ||   184
         Chain mail        |       |       |   262 |    58 ||   320
         Skin              |       |       |    19 |       ||    19
         Scale mail        |       |       |       |   110 ||   110
  Dodge: Dodged            |    54 |    99 |   159 |   106 ||   418

Table legend: (Time is in decaauts)
 A = Elapsed time spent in this place.
 B = Non-inter-level travel time spent in this place.
 C = Inter-level travel time spent in this place.
 D = Time resting spent in this place.
 E = Time spent auto-exploring this place.
 F = Levels seen in this place.
 G = Mean time per level.
                   A        B        C        D        E       F      G
               +--------+--------+--------+--------+--------+-----+--------+
         Total |  10784 |  10375 |    409 |    658 |   7436 |  12 |  898.7 |
       Dungeon |   9455 |   9046 |    409 |    434 |   6782 |  10 |  945.5 |
       Ossuary |    214 |    214 |      0 |     18 |    117 |   1 |  214.0 |
        Bailey |   1113 |   1113 |      0 |    206 |    536 |   1 | 1113.0 |
               +--------+--------+--------+--------+--------+-----+--------+

Top non-repeatable levels by time:
     D:7: 1148 daAuts
    D:10: 1132 daAuts
  Bailey: 1113 daAuts
     D:3: 1100 daAuts
     D:4: 1048 daAuts
     D:9: 1034 daAuts
     D:1: 961 daAuts
     D:8: 898 daAuts
     D:6: 868 daAuts
     D:5: 730 daAuts
     D:2: 532 daAuts
 Ossuary: 214 daAuts
